 Dungeon Crawl Stone Soup version 0.29-a0-506-ga2e7fffb44 (webtiles) character file.

Game seed: 15775294478343140748

276 kyalle the Skirmisher (level 6, 0/57 HPs)
             Began as a Minotaur Fighter on May 28, 2022.
             Slain by a kobold
             ... wielding a +0 whip
              (3 damage)
             ... on level 4 of the Dungeon.
             The game lasted 00:16:24 (3017 turns).

kyalle the Skirmisher (Minotaur Fighter)            Turns: 3017, Time: 00:16:25

Health: 0/57       AC:  7    Str: 22    XL:     6   Next: 4%
Magic:  5/5        EV:  8    Int:  5    God:
Gold:   156        SH:  9    Dex: 10    Spells: 5/5 levels left

rFire   . . .      SeeInvis .   a - +1 flail
rCold   . . .      Faith    .   h - +1 kite shield
rNeg    . . .      Spirit   .   b - +0 scale mail
rPois   .          Reflect  .   (helmet restricted)
rElec   .          Harm     .   (no cloak)
rCorr   .          Rampage  .   (no gloves)
Will    .....                   (no boots)
Stlth   ..........              (no amulet)
HPRegen 0.19/turn               (no ring)
MPRegen 0.09/turn               (no ring)

@: mighty
A: horns 2, retaliatory headbutt
a: no special abilities


You were on level 4 of the Dungeon.
You visited 1 branch of the dungeon, and saw 4 of its levels.

You collected 178 gold pieces.
You spent 22 gold pieces at shops.

Inventory:

Hand Weapons
 a - a +1 flail (weapon)
 i - the +4 mace of Juf Wei {flame, rPois Will++ Str+4 Dex-5}
   (You found it on level 3 of the Dungeon)

   It burns those it strikes, dealing additional fire damage.
   Str:       It affects your strength (+4).
   Dex:       It affects your dexterity (-5).
   rPois:     It protects you from poison.
   Will:      It greatly increases your willpower.
Missiles
 e - 10 poisoned darts (quivered)
 j - a throwing net
 r - 3 boomerangs
Armour
 b - a +0 scale mail (worn)
 c - a +0 buckler
 h - a +1 kite shield (worn)
 u - a +0 scale mail
Jewellery
 s - the ring "Cyamp" {+Blink rN+ Slay-4 SInv}
   (You found it on level 2 of the Dungeon)

   [ring of see invisible]

   Slay:      It affects your accuracy & damage with ranged weapons and melee
   (-4).
   rN:        It protects you from negative energy.
   SInv:      It lets you see invisible.
   +Blink:    It lets you blink.
Scrolls
 g - 2 scrolls of blinking
 k - a scroll of fog
 m - a scroll of teleportation
 p - a scroll of identify
Potions
 f - 2 potions of haste
 l - a potion of degeneration {unknown}
 n - a potion of lignification
 o - a potion of heal wounds {unknown}
 v - a potion of curing


   Skills:
 * Level 5.8 Fighting
 + Level 4.0 Maces & Flails
 + Level 4.8 Armour
 + Level 4.9 Shields


You had 5 spell levels left.
You didn't know any spells.
Your spell library contained the following spells:

 Spells                   Type           Power      Damage    Failure   Level
 Foxfire                  Conj/Fire      0%         2x1d4     98%         1
 Summon Small Mammal      Summ           0%         N/A       98%         1
 Call Canine Familiar     Summ           0%         N/A       100%        3
 Conjure Flame            Conj/Fire      0%         6-21      100%        3
 Inner Flame              Hex/Fire       0%         N/A       100%        3
 Summon Guardian Golem    Hex/Summ       0%         N/A       100%        3
 Flame Wave               Conj/Fire      0%         2d4       100%        4


Dungeon Overview and Level Annotations

Branches:
Dungeon (4/15)
 Temple: D:4-7

Altars:
Elyvilon

Shops:
D:2 ?

Annotations:
D:4 Dowan


Innate Abilities, Weirdness & Mutations

You have a pair of horns on your head.
You reflexively headbutt those who attack you in melee.


Message History

Dowan casts a spell.
Dowan blinks!
You block Duvessa's attack. You block the dart slug's attack.
You hit the dart slug. You headbutt the dart slug!
You kill the dart slug!
Duvessa hits you with a +0 short sword.
Dowan says, "Magic and the sword, together, will defeat you."
Dowan casts a spell at you. The puff of frost misses you.
The kobold hits you with a +0 whip.
* * * LOW HITPOINT WARNING * * *
Duvessa hits you with a +0 short sword.
* * * LOW HITPOINT WARNING * * *
The kobold barely misses you.
Dowan whispers, "It won't be long now."
You feel better. Duvessa hits you with a +0 short sword.
* * * LOW HITPOINT WARNING * * *
The kobold barely misses you.
Dowan casts a spell.
Dowan blinks!
You block Duvessa's attack.
You sock Duvessa!
Duvessa is almost dead.
Duvessa hits you with a +0 short sword.
* * * LOW HITPOINT WARNING * * *
You block the kobold's attack.
Dowan mumbles some strange words.
Dowan blinks!
Duvessa hits you with a +0 short sword.
* * * LOW HITPOINT WARNING * * *
You hit Duvessa.
You kill Duvessa!
You hear a distant wail of despair.
The kobold hits you with a +0 whip.
* * * LOW HITPOINT WARNING * * *
The kobold hits you but does no damage.
Your Maces & Flails skill increases to level 4!
You have reached level 6!
The kobold attacks as you move away! The kobold hits you but does no damage.
Dowan seems to find hidden reserves of power!
Things that are here:
a +0 short sword; a +0 ring mail; a cyan potion You closely miss the kobold.
Your headbutt misses the kobold. The kobold hits you with a +0 whip.
You die...

#.#...###... #.........!..
#.#.#.#.#.#.#. # ##............
. #. #....⌠.....⌠....
####.##......._..)....
..........$⌠.†...⌠... ##
#........K†......
....######..#.#@#.#.#.#.#
#.....................# ##
#####.#.#.#.########### .
#.#.#.#.# .###
#######.#...#+#############...
........####................
....###....'..............###.##
## #.####..............<.....
#.# #................#.##


You could see a kobold.

Vanquished Creatures
  Duvessa (D:4)
  A phantom (D:4)
  3 gnolls (D:3)
  2 adders
  A worm (D:3)
  2 dart slugs
  2 endoplasms (D:1)
  4 giant cockroaches
  7 hobgoblins
  5 quokkas
  5 ball pythons
  8 bats
  2 frilled lizards
  7 goblins
  2 kobolds (D:1)
  3 rats
55 creatures vanquished.

Notes
Turn   | Place    | Note
-------+----------+-------------------------------------------
     0 | D:1      | kyalle the Minotaur Fighter began the quest for the Orb.
     0 | D:1      | Reached XP level 1. HP: 19/19 MP: 0/0
    63 | D:1      | Reached XP level 2. HP: 14/27 MP: 1/1
    69 | D:1      | Reached skill level 4 in Fighting
   378 | D:1      | Found a faded altar of an unknown god.
   648 | D:1      | Reached XP level 3. HP: 33/33 MP: 2/2
  1328 | D:2      | Identified the ring "Cyamp" {+Blink rN+ Slay-4 SInv}
  1921 | D:2      | Found Qous's Magic Scroll Shop.
  1929 | D:2      | Bought a scroll of identify for 22 gold pieces
  2330 | D:3      | Identified the +4 mace of Juf Wei {flame, rPois Will++
                  | Str+4 Dex-5}
  2458 | D:3      | Reached XP level 4. HP: 15/41 MP: 3/3
  2985 | D:4      | Found a white marble altar of Elyvilon.
  2985 | D:4      | Noticed a phantom
  2999 | D:4      | Noticed Duvessa
  2999 | D:4      | Noticed Dowan
  3004 | D:4      | Killed a phantom
  3005 | D:4      | Reached skill level 5 in Fighting
  3005 | D:4      | Reached XP level 5. HP: 31/48 MP: 4/4
  3015 | D:4      | Killed Duvessa
  3015 | D:4      | HP: 2/48 [kobold/+0 whip (2)]
  3016 | D:4      | Reached XP level 6. HP: 2/57 MP: 5/5
  3017 | D:4      | Slain by a kobold

Illustrated notes

Levels and vault maps discovered:
D:1:      erik_arrival_cave_to_civilisation [erik_arrival_cave_to_hall],
          layout_loops_ring, chequers_ecumenical_altar_twisty
D:2:      layout_basic, serial_shops, nicolae_square_shop,
          kennysheep_generic_room_9
D:3:      layout_rooms
D:4:      cheibrodos_greedy_goblins, layout_basic, elyvilon_altar_5,
          ebering_ghost_disaster_area, uniq_duvessa

Skill      XL: |  1  2  3  4  5 |
---------------+----------------+-----
Fighting       | 4 5 |  5.8
Shields        | 4 |  4.9
Armour         | 4 |  4.8
Maces & Flails | 3 4 |  4.0

Action                   |  1- 3 |  4- 6 || total
-------------------------+-------+-------++-------
Melee: Flail             |   111 |    30 ||   141
       Headbutt          |    12 |     4 ||    16
  Use: Scroll            |    12 |     1 ||    13
       Potion            |       |     3 ||     3
Armor: Scale mail        |    60 |    16 ||    76
Dodge: Dodged            |    53 |    11 ||    64
Block: Buckler           |    24 |       ||    24
       Kite shield       |     5 |    22 ||    27

Table legend: (Time is in decaauts)
 A = Elapsed time spent in this place.
 B = Non-inter-level travel time spent in this place.
 C = Inter-level travel time spent in this place.
 D = Time resting spent in this place.
 E = Time spent auto-exploring this place.
 F = Levels seen in this place.
 G = Mean time per level.
                   A        B        C        D        E       F      G
               +--------+--------+--------+--------+--------+-----+--------+
         Total |   3063 |   2985 |     78 |    188 |   1828 |   4 |  765.8 |
       Dungeon |   3063 |   2985 |     78 |    188 |   1828 |   4 |  765.8 |
               +--------+--------+--------+--------+--------+-----+--------+

Top non-repeatable levels by time:
     D:1: 1202 daAuts
     D:2: 1133 daAuts
     D:3: 659 daAuts
     D:4: 68 daAuts
